 Dungeon Crawl Stone Soup version 0.23.0-3-gf3c87f2df8 (webtiles) character file.

Game seed: 11739416758688743380

65 Sondor the Skirmisher (level 3, -1/30 HPs)
             Began as a Demonspawn Chaos Knight on Feb 24, 2019.
             Was a Plaything of Xom.
             Slain by an adder (3 damage)
             ... on level 2 of the Dungeon.
             The game lasted 00:01:57 (1486 turns).

Sondor the Skirmisher (Demonspawn Chaos Knight)     Turns: 1486, Time: 00:01:58

Health: -1/30      AC:  6    Str: 13    XL:     3   Next: 92%
Magic:  3/3        EV: 11    Int: 13    God:    Xom [....*.]
Gold:   150        SH:  0    Dex: 12    Spells: 2/2 levels left

rFire    . . .     SeeInvis .   a - +0 falchion (chaos)
rCold    + . .     Gourm    .   (no shield)
rNeg     + . .     Faith    .   b - +2 leather armour
rPois    .         Spirit   .   (helmet restricted)
rElec    .         Reflect  .   l - +0 cloak
rCorr    .         Harm     .   (no gloves)
MR       .....     Clarity  +   (no boots)
Stlth    +.........             (no amulet)
HPRegen  0.10/turn              g - ring of positive energy
MPRegen  0.08/turn              o - ring of wizardry

@: lethally poisoned (-1 -> -16)
A: horns 2, clarity, cold resistance 1
a: Renounce Religion


You were on level 2 of the Dungeon.
You worshipped Xom.
You were a beloved toy of Xom.
You were not hungry.

You visited 1 branch of the dungeon, and saw 2 of its levels.

You collected 150 gold pieces.

Inventory:

Hand Weapons
 a - a +0 falchion of chaos (weapon)
Armour
 b - a +2 leather armour (worn)
 l - a +0 cloak (worn)
Jewellery
 g - a ring of positive energy (left hand)
 o - a ring of wizardry (right hand)
Scrolls
 d - a scroll of remove curse {unknown}
 e - 2 scrolls of teleportation
 h - a scroll of fog {unknown}
Potions
 f - a potion of invisibility {unknown}
 i - 3 potions of might {unknown}
 j - a potion of mutation {unknown}
 k - 2 potions of curing {unknown}
Comestibles
 c - 6 rations


   Skills:
 + Level 3.8 Fighting
 + Level 3.6 Long Blades
 + Level 2.0 Armour
 + Level 1.0 Dodging
 + Level 0.2 Stealth


You had 2 spell levels left.
You didn't know any spells.
Your spell library was empty.

Dungeon Overview and Level Annotations

Branches:
Dungeon (2/15)

Altars:
Ru


Innate Abilities, Weirdness & Mutations

Your flesh is cold resistant. (rC+)
You have a pair of horns on your head.
You possess an exceptional clarity of mind.


Message History

You miss something.
You feel sick. Something bites you but does no damage.
You closely miss something.
You feel sick.
Something bites you but does no damage. x2
You hit something.
* * * LOW HITPOINT WARNING * * *
You feel sick. Something bites you but does no damage.
You barely miss something.
* * * LOW HITPOINT WARNING * * *
You feel sick. Something bites you.
* * * LOW HITPOINT WARNING * * *
You are more poisoned.
Something poisons you! Something bites you but does no damage.
You hit something but do no damage.
* * * LOW HITPOINT WARNING * * *
You feel sick. Something bites you but does no damage.
You miss something.
* * * LOW HITPOINT WARNING * * *
You feel sick. Something bites you.
You die... "What!?
That's it?"

#....###..###.... #...##
#..# ##..# #..## ##..##
##.# #########..##
#....####..
#.....(.....##..##..##...
#....?..(................
#.........###########....
#......{..# #####
#.?.!..%@.# #.........#
#.........# #.........#
###########


There were no monsters in sight!

Vanquished Creatures
  2 adders (D:2)
  An ooze (D:1)
  A ball python (D:1)
  4 giant cockroaches
  5 goblins
  5 hobgoblins
  4 jackals (D:1)
  5 bats
  2 frilled lizards
  7 kobolds
  5 rats
41 creatures vanquished.

Notes
Turn   | Place    | Note
-------+----------+-------------------------------------------
     0 | D:1      | Sondor the Demonspawn Chaos Knight began the quest for the
                  | Orb.
     0 | D:1      | Reached XP level 1. HP: 18/18 MP: 1/1
   131 | D:1      | XOM: harmless Pois miscast
   247 | D:1      | Gained mutation: Your flesh is cold resistant. (rC+)
                  | [demonic ancestry]
   247 | D:1      | Reached XP level 2. HP: 10/24 MP: 2/2
   524 | D:1      | XOM: cloud trail
   649 | D:1      | XOM: give mutations
   649 | D:1      | Gained mutation: You possess an exceptional clarity of
                  | mind. [Xom's grace]
   649 | D:1      | Gained mutation: You have a pair of small horns on your
                  | head. [Xom's grace]
   649 | D:1      | Gained mutation: You have a pair of horns on your head.
                  | [Xom's grace]
   828 | D:1      | Reached XP level 3. HP: 23/29 MP: 3/3
  1250 | D:2      | XOM: cast spell 'Alistair's Intoxication'
  1308 | D:2      | Found a sacrificial altar of Ru.
  1357 | D:2      | Reached skill level 1 in Dodging
  1433 | D:2      | XOM: god gift: 21 gold pieces
  1486 | D:2      | Slain by an adder

Skill      XL: |  1  2  3 |
---------------+----------+-----
Long Blades    | 3 |  3.6
Armour         | 2 |  2.0
Dodging        | 1 |  1.0
Fighting       | |  3.8
Stealth        | |  0.2

Action                   || total
-------------------------++-------
Melee: Falchion          ||   105
       Headbutt          ||     8
  Use: Scroll            ||     3
  Eat: Chunk             ||     2
Armor: Leather armour    ||    52
Dodge: Dodged            ||    68
       Rpst.: Falchion   ||    20
